 Dungeon Crawl Stone Soup version 0.29.1-14-g9c671dbff4 (webtiles) character file.

Game seed: 18127497275014965758

18 Barneous the Twirler (level 2, 0/21 HPs)
             Began as a Human Wanderer on Feb 13, 2023.
             Slain by a ball python (2 damage)
             ... on level 1 of the Dungeon.
             The game lasted 00:01:31 (423 turns).

Barneous the Twirler (Human Wanderer)                Turns: 423, Time: 00:01:31

Health: 0/21       AC:  4    Str: 10    XL:     2   Next: 85%
Magic:  2/2        EV:  9    Int:  9    God:
Gold:   10         SH:  0    Dex: 17    Spells: 1/1 levels left

rFire   . . .      SeeInvis .   a - +2 quarterstaff
rCold   . . .      Faith    .   (shield currently unavailable)
rNeg    . . .      Spirit   .   e - +0 leather armour
rPois   .          Reflect  .   (no helmet)
rElec   .          Harm     .   (no cloak)
rCorr   .          Rampage  .   c - +0 pair of gloves
Will    .....                   (no boots)
Stlth   +.........              (no amulet)
HPRegen 0.07/turn               (no ring)
MPRegen 0.08/turn               (no ring)

@: constricted
A: no striking features
a: no special abilities


You were on level 1 of the Dungeon.
You visited 1 branch of the dungeon, and saw 1 of its levels.

You collected 10 gold pieces.

Inventory:

Hand Weapons
 a - a +2 quarterstaff (weapon)
 b - a +0 spear
Armour
 c - a +0 pair of gloves (worn)
 e - a +0 leather armour (worn)
Scrolls
 d - a scroll of fog


   Skills:
 + Level 1.4 Fighting
 + Level 1.3(3.5) Polearms
 + Level 5.1(5.2) Staves
 + Level 1.3 Throwing
 + Level 2.2 Dodging


You had one spell level left.
You didn't know any spells.
Your spell library was empty.

Dungeon Overview and Level Annotations

Branches:
Dungeon (1/15)

Altars:


Message History

The jackal closely misses you.
The jackal bites you but does no damage.
The ball python closely misses you. The ball python grabs you.
The ball python constricts you. The quokka bites you.
The jackal bites you but does no damage.
You barely miss the kobold.
The jackal bites you but does no damage.
The ball python barely misses you. The ball python constricts you.
The kobold hits you but does no damage. The jackal bites you.
The quokka bites you but does no damage.
The jackal barely misses you. The ball python bites you.
The ball python constricts you.
You barely miss the kobold. The jackal misses you. The jackal bites you.
The kobold barely misses you.
The quokka bites you but does no damage.
The ball python bites you but does no damage.
The ball python constricts you.
* * * LOW HITPOINT WARNING * * *
The jackal barely misses you.
You sock the kobold!
You kill the kobold!
The jackal bites you.
* * * LOW HITPOINT WARNING * * *
The quokka barely misses you.
The jackal bites you but does no damage.
The ball python bites you.
* * * LOW HITPOINT WARNING * * *
The ball python constricts you. The jackal barely misses you.
The quokka bites you.
* * * LOW HITPOINT WARNING * * *
You sock the jackal!
You kill the jackal!
The jackal barely misses you.
The ball python bites you but does no damage.
The ball python constricts you. The quokka closely misses you.
The jackal bites you but does no damage.
You hit the quokka.
You kill the quokka!
The ball python bites you.
You die...

. . ...... ..$... .... .
...... ....... .... .
...... #........ ..... #
......###...............
.
........................
.
.......J........##......
.
......h†S.......##......
. #†@)...........###.
#...............##.
#...............##.
##....#####......##.
#...(...............
#...................
#...................
##......#.#....######
#..............#


You could see an endoplasm, a jackal and a ball python.

Vanquished Creatures
  A dart slug (D:1)
  An endoplasm (D:1)
  2 goblins (D:1)
  2 jackals (D:1)
  2 kobolds (D:1)
  A quokka (D:1)
  2 ball pythons (D:1)
  A bat (D:1)
  A frilled lizard (D:1)
  3 rats (D:1)
16 creatures vanquished.

Notes
Turn   | Place    | Note
-------+----------+-------------------------------------------
     0 | D:1      | Barneous the Human Wanderer began the quest for the Orb.
     0 | D:1      | Barneous set off with the following items: a +2
                  | quarterstaff, a +0 spear, a +0 pair of gloves, a scroll of
                  | fog, a +0 leather armour.
     0 | D:1      | Reached XP level 1. HP: 15/15 MP: 1/1
   204 | D:1      | Reached XP level 2. HP: 21/21 MP: 2/2
   297 | D:1      | Found a faded altar of an unknown god.
   423 | D:1      | Slain by a ball python

Illustrated notes

Levels and vault maps discovered:
D:1:      lemuel_arrival_river_ford, layout_basic,
          dreamdust_ecumenical_altar_grove, glass_columns_a

Action                   || total
-------------------------++-------
Melee: Quarterstaff      ||    41
  Use: Potion            ||     3
       Scroll            ||     2
 Stab: Sleeping          ||     1
Armor: Leather armour    ||    20
Dodge: Dodged            ||    30
